 Dungeon Crawl Stone Soup version 0.25.0-33-gff14898491 (webtiles) character file.

Game seed: 7424512311525274211

84 Revguard the Skirmisher (level 4, -4/45 HPs)
             Began as an Ogre Skald on July 7, 2020.
             Slain by Sigmund
             ... wielding a +0 scythe
              (15 damage)
             ... on level 2 of the Dungeon.
             The game lasted 00:07:03 (2151 turns).

Revguard the Skirmisher (Ogre Skald)                Turns: 2151, Time: 00:07:03

Health: -4/45      AC:  3    Str: 15    XL:     4   Next: 45%
Magic:  2/9        EV: 10    Int: 16    God:
Gold:   49         SH:  0    Dex:  9    Spells: 3/8 levels left

rFire    . . .     SeeInvis .   a - +0 mace
rCold    . . .     Gourm    .   (no shield)
rNeg     . . .     Faith    .   b - +0 robe
rPois    .         Spirit   .   (helmet restricted)
rElec    .         Reflect  .   (no cloak)
rCorr    .         Harm     .   (gloves unavailable)
MR       .....                  (boots unavailable)
Stlth    +.........             (no amulet)
HPRegen  0.15/turn              (no ring)
MPRegen  0.11/turn              (no ring)

@: infused
A: large, unfitting armour, claws 1, clever 1, high mp 1, tough skin 1
a: no special abilities


You were on level 2 of the Dungeon.
You were very hungry.

You visited 1 branch of the dungeon, and saw 2 of its levels.

You collected 49 gold pieces.

Inventory:

Hand Weapons
 a - a +0 mace (weapon)
Armour
 b - a +0 robe (worn)
Scrolls
 c - 7 scrolls of identify {unknown}
 g - a scroll of blinking {unknown}
 j - a scroll of noise {unknown}
Potions
 e - a potion of haste
Comestibles
 d - a ration


   Skills:
 + Level 3.4 Fighting
 + Level 2.6 Maces & Flails
 + Level 2.7 Dodging
 + Level 2.8 Spellcasting
 * Level 3.2 Charms
 * Level 0.1 Translocations


You had 3 spell levels left.
You knew the following spells:

 Your Spells              Type           Power        Failure   Level  Hunger
a - Infusion              Chrm           ##..         4%          1    #......
b - Song of Slaying       Chrm           ##......     8%          2    ##.....
c - Shroud of Golubria    Chrm/Tloc      #.....       14%         2    ##.....

Your spell library contained the following spells:

 Spells                   Type           Power        Failure   Level  Hunger
 Ozocubu's Armour         Chrm/Ice       #.......     30%         3    ###....
 Spectral Weapon          Hex/Chrm       #.......     30%         3    ###....


Dungeon Overview and Level Annotations

Branches:
Dungeon (2/15)

Altars:

Annotations:
D:2 Sigmund


Innate Abilities, Weirdness & Mutations

You are too large for most types of armour.
You have tough skin. (AC +1)
You have sharp fingernails.
Your mind is acute. (Int +2)
You have an increased reservoir of magic. (+10% MP)


Message History

Sigmund is moderately wounded.
Sigmund hits you but does no damage.
You closely miss Sigmund.
Sigmund is moderately wounded.
Sigmund closely misses you.
You thump Sigmund!
Sigmund is heavily wounded.
Sigmund barely misses you.
You hit Sigmund.
Sigmund is severely wounded.
You hit Sigmund.
Sigmund is severely wounded.
Sigmund casts a spell.
Sigmund flickers and vanishes!
Deactivating autopickup; reactivate with Ctrl-A.
Something hits you!
* * * LOW HITPOINT WARNING * * *
There is a stone staircase leading up here.
Something hits you!
You die...

#.# .. #.# @. #.#
.# #.# .# ## #.#
.# #. #.####.# #.
#......# #.
###..############.
#@.{..............
###.#############.
### ##


There were no monsters in sight!

Vanquished Creatures
  An adder (D:2)
  4 gnolls (D:2)
  An ooze (D:1)
  A worm (D:2)
  2 dart slugs (D:1)
  A bat (D:1)
  A giant cockroach (D:1)
  7 goblins
  3 hobgoblins (D:1)
  2 jackals (D:1)
  A frilled lizard (D:1)
  A kobold (D:1)
  2 rats (D:1)
27 creatures vanquished.

Notes
Turn   | Place    | Note
-------+----------+-------------------------------------------
     0 | D:1      | Revguard the Ogre Skald began the quest for the Orb.
     0 | D:1      | Reached XP level 1. HP: 22/22 MP: 3/3
   171 | D:1      | Reached XP level 2. HP: 29/29 MP: 5/5
   175 | D:1      | Learned a level 2 spell: Song of Slaying
   964 | D:1      | Reached XP level 3. HP: 34/36 MP: 7/7
  1289 | D:2      | Gained mutation: You have an increased reservoir of magic.
                  | (+10% MP) [potion of mutation]
  1289 | D:2      | Gained mutation: You have sharp fingernails. [potion of
                  | mutation]
  1289 | D:2      | Gained mutation: Your mind is acute. (Int +2) [potion of
                  | mutation]
  1301 | D:2      | Reached XP level 4. HP: 19/45 MP: 0/8
  1384 | D:2      | Learned a level 2 spell: Shroud of Golubria
  2053 | D:2      | Noticed Sigmund
  2151 | D:2      | Slain by Sigmund

Illustrated notes

Levels and vault maps discovered:
D:1:      psy_arrival_dodecagon, layout_basic
D:2:      layout_basic, uniq_sigmund

Skill      XL: |  1  2  3 |
---------------+----------+-----
Charms         | 3 |  3.2
Maces & Flails | 2 |  2.6
Fighting       | 3 |  3.4
Dodging        | |  2.7
Spellcasting   | |  2.8
Translocations | |  0.1

Action                   |  1- 3 |  4- 6 || total
-------------------------+-------+-------++-------
Melee: Mace              |    65 |    41 ||   106
 Cast: Infusion          |     3 |     1 ||     4
       Song of Slaying   |     1 |       ||     1
       Shroud of Golubri |       |     2 ||     2
  Use: Potion            |     4 |     2 ||     6
  Eat: Chunk             |     1 |     2 ||     3
Armor: Robe              |    12 |     8 ||    20
       Skin              |     4 |     8 ||    12
Dodge: Dodged            |    39 |    18 ||    57
